 Dungeon Crawl Stone Soup version 0.30-a0-778-g2ef04afb54 (webtiles) character file.

Game seed: 8467491808478292199

11 Esekla the Sneak (level 2, 21/21 HPs)
             Began as an Octopode Delver on Feb 15, 2023.
             Quit the game on level 5 of the Dungeon.
             The game lasted 00:01:40 (218 turns).

Esekla the Sneak (Octopode Delver)                   Turns: 218, Time: 00:01:40

Health: 21/21      AC:  1    Str: 11    XL:     2   Next: 25%
Magic:  2/2        EV: 13    Int: 12    God:
Gold:   16         SH:  0    Dex: 13    Spells: 1/1 levels left

rFire   . . .      SeeInvis .    a - +0 falchion
rCold   . . .      Faith    .    (no shield)
rNeg    . . .      Spirit   .    (helmet restricted)
rPois   .          Reflect  .    (no amulet)
rElec   .          Harm     .    (no ring)
rCorr   .          Rampage  .    (no ring)
Will    .....                    (no ring)
Stlth   +++++                    (no ring)
HPRegen 0.23/turn                (no ring)
MPRegen 0.08/turn                (no ring)
                                 (no ring)
                                 (no ring)

@: no status effects
A: almost no armour, amphibious, 8 rings, camouflage 1, gelatinous body 1,
nimble swimmer 1, tentacles
a: no special abilities


You were on level 5 of the Dungeon.
You visited 1 branch of the dungeon, and saw 1 of its levels.

You collected 16 gold pieces.

Inventory:

Hand Weapons
 a - a +0 falchion (weapon)
 j - a +0 dagger
Wands
 f - a wand of digging (3)
 i - a wand of mindburst (12)
 l - a wand of acid (1)
Scrolls
 b - a scroll of fog
 d - a scroll of fear
 k - a scroll of blinking {unknown}
Potions
 c - a potion of brilliance {unknown}
 e - a potion of haste
 g - a potion of mutation {unknown}
 h - 2 potions of flight {unknown}


   Skills:
 * Level 3.1 Fighting
 * Level 2.1 Long Blades
 * Level 2.1 Dodging
 + Level 6.9 Stealth
 * Level 0.3 Spellcasting


You had one spell level left.
You didn't know any spells.
Your spell library was empty.

Dungeon Overview and Level Annotations

Branches:
Dungeon (5/15)
 Temple: D:4-7

Altars:
Xom


Innate Abilities, Weirdness & Mutations

You cannot wear most types of armour.
You are amphibious.
You can wear up to eight rings at the same time.
Your skin changes colour to match your surroundings (Stealth+).
Your rubbery body absorbs attacks. (AC +1, EV +1)
You are camouflaged when in or above water. (Stealth+)
You have tentacles for arms and can constrict up to eight enemies at once.


Message History

You now have 16 gold pieces.
Things that are here:
a +0 dagger; 3 stones; a +0 leather armour
j - a +0 dagger
j - a +0 dagger (weapon)
The adder hisses angrily.
You hit the adder but do no damage. Your grab misses the adder.
Your tentacle-slap misses the adder.
The adder bites you.
You are poisoned.
The adder poisons you! The adder misses you.
a - a +0 falchion (weapon)
You feel sick.
You hit the adder. Your grab misses the adder.
You squeeze the adder, but do no damage.
The adder is lightly wounded.
You feel sick. The adder closely misses you.
The adder bites you but does no damage.
You slash the adder! You grab the adder. You tentacle-slap the adder.
You kill the adder!
You feel sick.
You have reached level 2!
Found a grey potion.
You feel sick.
You feel sick.
Found a scroll labelled FIZ CODGHOFEUF.
You feel sick.
You are no longer poisoned.
k - a scroll labelled FIZ CODGHOFEUF
h - 2 grey potions (gained 1)
A black bear comes into view.
Found a lead wand.
The black bear growls angrily.
The black bear moves out of view.
You enter the deep water.
You start resting.
HP restored.
As you open the door, it creaks loudly!
Found a shimmering altar of Xom.
You see here a wand of acid (1).
l - a wand of acid (1)
You enter the deep water.
Are you sure you want to abandon this character and quit the game? (Confirm with "yes".)

#### ...# ...# ##.#
#.# #.# ####### #.#
#≈≈@≈≈# ##.#####
#≈###≈##
(......#######≈#_'..#
##............≈###≈.#
#.###.#######≈≈≈≈≈.#
##.# #.######..h#...#
...# #........#####.#
#### ########.,,*,..#
##*,*,.##


There were no monsters in sight!

Vanquished Creatures
  An adder (D:5)
  An orc (D:5)
2 creatures vanquished.

Notes
Turn   | Place    | Note
-------+----------+-------------------------------------------
     0 | D:5      | Esekla the Octopode Delver began the quest for the Orb.
     0 | D:5      | Reached XP level 1. HP: 16/16 MP: 1/1
   163 | D:5      | Reached XP level 2. HP: 14/21 MP: 2/2
   180 | D:5      | Noticed a black bear
   208 | D:5      | Found a shimmering altar of Xom.
   218 | D:5      | Quit the game

Illustrated notes

Levels and vault maps discovered:
D:5:      layout_loops_ring, elyvilon_altar_3, kennysheep_mini_moat, uniq_ijyb

Action                     || total
---------------------------++-------
  Melee: Falchion          ||     5
         Constrict         ||     2
         Tentacles         ||     2
         Dagger            ||     1
         Punch             ||     1
    Use: Scroll            ||     1
 Armour: Skin              ||     2
  Dodge: Dodged            ||     3

Table legend: (Time is in decaauts)
 A = Elapsed time spent in this place.
 B = Non-inter-level travel time spent in this place.
 C = Inter-level travel time spent in this place.
 D = Time resting spent in this place.
 E = Time spent auto-exploring this place.
 F = Levels seen in this place.
 G = Mean time per level.
                   A        B        C        D        E       F      G
               +--------+--------+--------+--------+--------+-----+--------+
         Total |    217 |    217 |      0 |     20 |      0 |   1 |  217.0 |
       Dungeon |    217 |    217 |      0 |     20 |      0 |   1 |  217.0 |
               +--------+--------+--------+--------+--------+-----+--------+

Top non-repeatable levels by time:
     D:5: 217 daAuts
